 Dungeon Crawl Stone Soup version 0.24.1 (webtiles) character file.

Game seed: 11863622301024614373, levelgen mode: deterministic

60 Destapler the Cudgeler (level 3, -1/49 HPs)
             Began as a Draconian Berserker on Mar 31, 2020.
             Was a Follower of Trog.
             Killed from afar by Natasha (7 damage)
             ... with a magic dart
             ... on level 2 of the Dungeon.
             The game lasted 00:02:06 (1188 turns).

Destapler the Cudgeler (Draconian Berserker)        Turns: 1188, Time: 00:02:07

Health: -1/49      AC:  6    Str: 25    XL:     3   Next: 80%
Magic:  3/3        EV: 13    Int:  7    God:    Trog [*.....]
Gold:   63         SH:  0    Dex: 10    Spells: 2/2 levels left

rFire    . . .     SeeInvis .   a - +0 mace
rCold    . . .     Gourm    .   (no shield)
rNeg     . . .     Faith    .   (armour unavailable)
rPois    .         Spirit   .   (helmet restricted)
rElec    .         Reflect  .   (no cloak)
rCorr    .         Harm     .   (no gloves)
MR       .....                  h - +0 pair of boots
Stlth    ..........             (no amulet)
HPRegen  0.16/turn              (no ring)
MPRegen  0.08/turn              (no ring)

@: berserking, very quick
A: unfitting armour, cold-blooded, AC +5
a: Berserk, Renounce Religion


You were on level 2 of the Dungeon.
You worshipped Trog.
Trog was aware of your devotion.
You were hungry.

You visited 1 branch of the dungeon, and saw 2 of its levels.

You collected 63 gold pieces.

Inventory:

Hand Weapons
 a - a +0 mace (weapon)
Armour
 h - a +0 pair of boots (worn)
Scrolls
 e - 3 scrolls of remove curse {unknown}
 g - a scroll of enchant armour {unknown}
 i - a scroll of identify {unknown}
Potions
 d - a potion of flight {unknown}
 f - a potion of heal wounds {unknown}
Comestibles
 b - 4 rations
 c - 9 chunks of flesh


   Skills:
 + Level 3.8 Fighting
 * Level 4.0 Maces & Flails
 + Level 3.2 Dodging


You had 2 spell levels left.
You didn't know any spells.
Your spell library was empty.

Dungeon Overview and Level Annotations

Branches:
Dungeon (2/15)

Altars:

Annotations:
D:2 Natasha


Innate Abilities, Weirdness & Mutations

Your plain brown scales are hard. (AC +5)
You cannot fit into any form of body armour.
You are cold-blooded and may be slowed by cold attacks.


Message History

You barely miss Natasha.
Natasha is heavily wounded.
The frilled lizard barely misses you. Natasha casts a spell at you.
The magic dart hits you!
* * * LOW HITPOINT WARNING * * *
You are too injured to fight recklessly!
You are too injured to fight recklessly!
You are too injured to fight recklessly!
A red film seems to cover your vision as you go berserk!
You feel yourself moving faster!
You feel mighty!
You are feeling hungry.
The frilled lizard closely misses you. Natasha claws you.
* * * LOW HITPOINT WARNING * * *
You sock the frilled lizard!
You kill the frilled lizard!
Trog accepts your kill. Natasha casts a spell at you. The magic dart hits you!
You die...

##.#####........... #
##..................
#.####.......###.).......
##....÷....#### #######...
#......##.## ########....
#.........#####...........
#....###............#.####
.........#..##.........## #
..........@..#..........###
#.##..###h.#.........##....
.. #. ............#÷......
# ...[..........#..#####
####....##.............
...#.##.....####.... ..!.
.####.## ##... ..... ## #
#..## . #.##


You could see Natasha.

Vanquished Creatures
  3 adders
  A worm (D:2)
  A dart slug (D:2)
  3 giant cockroaches
  5 goblins (D:1)
  2 hobgoblins
  2 jackals (D:2)
  A kobold (D:2)
  A quokka (D:2)
  2 ball pythons
  4 bats
  2 frilled lizards
  2 rats
29 creatures vanquished.

Notes
Turn   | Place    | Note
-------+----------+-------------------------------------------
     0 | D:1      | Destapler the Draconian Berserker began the quest for the
                  | Orb.
     0 | D:1      | Reached XP level 1. HP: 19/19 MP: 1/1
   205 | D:1      | Reached XP level 2. HP: 25/26 MP: 2/2
   751 | D:1      | Reached XP level 3. HP: 17/33 MP: 3/3
  1155 | D:2      | Reached skill level 4 in Maces & Flails
  1176 | D:2      | Noticed Natasha
  1188 | D:2      | Killed from afar by Natasha

Levels and vault maps discovered:
D:1:      dpeg_arrival_boxorama, layout_basic, minmay_quantized
D:2:      layout_rooms, first_ration, nicolae_underground_beach, uniq_natasha

Skill      XL: |  1  2  3 |
---------------+----------+-----
Dodging        | 3 |  3.2
Maces & Flails | 4 |  4.0
Fighting       | |  3.8

Action                   || total
-------------------------++-------
Melee: Mace              ||   101
       Tailslap          ||    14
Invok: Berserk           ||     1
  Eat: Chunk             ||     1
Armor: Skin              ||    39
Dodge: Dodged            ||    89
